 Dungeon Crawl Stone Soup version 0.28-a0-239-g68911e0c57 (webtiles) character file.

Game seed: 8063354968112464636

8 Lochraine the Chiller (level 1, -3/14 HPs)
             Began as a Demigod Ice Elementalist on Aug 23, 2021.
             Slain by a gnoll (4 damage)
             ... on level 1 of the Dungeon.
             The game lasted 00:00:51 (479 turns).

Lochraine the Chiller (Demigod Ice Elementalist)     Turns: 479, Time: 00:00:52

Health: -3/14      AC:  3    Str:  9    XL:     1   Next: 80%
Magic:  5/5        EV:  9    Int: 17    God:
Gold:   30         SH:  0    Dex: 14    Spells: 3/4 levels left

rFire   . . .      SeeInvis .   d - +0 dagger
rCold   . . .      Faith    .   (no shield)
rNeg    . . .      Spirit   .   a - +0 robe
rPois   .          Reflect  .   (no helmet)
rElec   .          Harm     .   b - +0 cloak
rCorr   .          Rampage  .   (no gloves)
Will    .....                   (no boots)
Stlth   ++........              (no amulet)
HPRegen 0.04/turn               (no ring)
MPRegen 0.09/turn               (no ring)

@: constricted
A: high mp 1, forlorn
a: no special abilities


You were on level 1 of the Dungeon.
You visited 1 branch of the dungeon, and saw 2 of its levels.

You collected 30 gold pieces.

Inventory:

Hand Weapons
 d - a +0 dagger (weapon)
   (You found it on level 1 of the Dungeon)
Armour
 a - a +0 robe (worn)
 b - a +0 cloak (worn)
   (You found it on level 1 of the Dungeon)
Scrolls
 c - a scroll of teleportation {unknown}
 e - a scroll of acquirement {unknown}


   Skills:
 - Level 1.7 Dodging
 - Level 1.7 Stealth
 + Level 2.1 Spellcasting
 + Level 3.8 Ice Magic


You had 3 spell levels left.
You knew the following spells:

 Your Spells              Type           Power      Damage    Failure   Level
a - Freeze                Ice            56%        1d7       4%          1

Your spell library contained the following spells:

 Spells                   Type           Power      Damage    Failure   Level
 Frozen Ramparts          Ice            28%        1d4       12%         3
 Ozocubu's Armour         Ice            14%        N/A       12%         3
 Hailstorm                Conj/Ice       8%         3d4       65%         4


Dungeon Overview and Level Annotations

Branches:
Dungeon (2/15)


Innate Abilities, Weirdness & Mutations

Your attributes grow dramatically as you level up.
You have an increased reservoir of magic. (+10% MP)
You shall have no god before yourself.


Message History

You kill the kobold!
Your Spellcasting skill increases to level 2!
You see here a +0 club.
You now have 30 gold pieces (gained 17).
An endoplasm comes into view.
The endoplasm quivers.
The endoplasm hits you.
You freeze the endoplasm. The endoplasm freezes you.
You are frozen.
You freeze the endoplasm.
You kill the endoplasm!
A hobgoblin comes into view.
A hobgoblin comes into view.
The hobgoblin moves out of view.
A gnoll comes into view. It is wielding a +0 spear.
The gnoll shouts!
The hobgoblin shouts!
You hear an angry hiss.
You hit the hobgoblin but do no damage.
A ball python comes into view.
The hobgoblin closely misses you. The gnoll misses you.
The hobgoblin closely misses you.
The ball python moves out of view.
You freeze the hobgoblin. The hobgoblin closely misses you.
The gnoll hits you but does no damage. The hobgoblin barely misses you.
You freeze the hobgoblin!
You kill the hobgoblin!
The gnoll hits you from afar with a +0 spear.
An endoplasm comes into view.
The gnoll closely misses you.
A giant cockroach comes into view.
The endoplasm quivers.
The endoplasm freezes you.
You are frozen.
The endoplasm freezes you.
You are frozen.
* * * LOW HITPOINT WARNING * * *
The endoplasm barely misses you.
There is a stone staircase leading down here.
The endoplasm completely misses you.
The gnoll hits you from afar with a +0 spear.
* * * LOW HITPOINT WARNING * * *
You climb downwards.
There is a stone staircase leading up here.
The gnoll shouts!
You hear a shout!
The endoplasm hits you.
* * * LOW HITPOINT WARNING * * *
The gnoll barely misses you.
You climb upwards.
The ball python misses you. The ball python grabs you.
The ball python constricts you.
The gnoll hits you from afar with a +0 spear.
You die...

##### #..... #.. # ###...#
...... #.#.# ..'...#
#.>.########.#.# ###...#
#...+.#........# ..)...#
#...#.#.#....### ...#.####
#######....#......#
...#....###....##.........#)####
....(..........###g....#..#....#
...............g@SBg......#.##.#
..#####...#.#..J.######......#.#
.#......................####...#
##........#....#.#####.## ##..#
########....#.# #. #..#
♣♣♣≈≈≈≈♣♣♣###..#.# #. #..#
≈≈≈≈.≈≈≈♣ #..#.# #.## ##g.#
≈≈≈≈.8≈≈≈ ##.#.# #.#..##†..#
≈≈≈≈8≈≈≈ #...# #......##


You could see 2 gnolls, an endoplasm, a giant cockroach, a hobgoblin and a ball
python.

Vanquished Creatures
  An endoplasm (D:1)
  2 hobgoblins (D:1)
  2 kobolds (D:1)
  A quokka (D:1)
6 creatures vanquished.

Notes
Turn   | Place    | Note
-------+----------+-------------------------------------------
     0 | D:1      | Lochraine the Demigod Ice Elementalist began the quest for
                  | the Orb.
     0 | D:1      | Reached XP level 1. HP: 14/14 MP: 5/5
   479 | D:1      | Slain by a gnoll

Illustrated notes

Levels and vault maps discovered:
D:1:      sevenhm_arrival_forest_fort_small_5, layout_basic,
          minmay_close_crescents
D:2:      layout_rooms, uniq_jessica

Skill      XL: |  1 |
---------------+----+-----
Spellcasting   | 2 |  2.1
Dodging        | |  1.7
Stealth        | |  1.7
Ice Magic      | |  3.8

Action                   || total
-------------------------++-------
Melee: Dagger            ||    11
 Cast: Freeze            ||    12
Armor: Robe              ||     6
Dodge: Dodged            ||    17

Table legend: (Time is in decaauts)
 A = Elapsed time spent in this place.
 B = Non-inter-level travel time spent in this place.
 C = Inter-level travel time spent in this place.
 D = Time resting spent in this place.
 E = Time spent auto-exploring this place.
 F = Levels seen in this place.
 G = Mean time per level.
                   A        B        C        D        E       F      G
               +--------+--------+--------+--------+--------+-----+--------+
         Total |    478 |    478 |      0 |     48 |    348 |   2 |  239.0 |
       Dungeon |    478 |    478 |      0 |     48 |    348 |   2 |  239.0 |
               +--------+--------+--------+--------+--------+-----+--------+

Top non-repeatable levels by time:
     D:1: 476 daAuts
     D:2: 1 daAuts
